 Dungeon Crawl Stone Soup version 0.22.1-2-g9c5b331 (webtiles) character file.

35 myga the Vexing (level 3, 0/20 HPs)
             Began as a Kobold Arcane Marksman on Nov 26, 2018.
             Succumbed to an adder's poison
             ... on level 2 of the Dungeon.
             The game lasted 00:13:52 (1380 turns).

myga the Vexing (Kobold Arcane Marksman)            Turns: 1380, Time: 00:13:53

Health: 0/20       AC:  4    Str: 10    XL:     3   Next: 55%
Magic:  3/4        EV: 15    Int: 14    God:
Gold:   18         SH:  0    Dex: 15    Spells: 1/4 levels left

rFire    . . .     SeeInvis .   a - +0 hunting sling
rCold    . . .     Gourm    +   (shield restricted)
rNeg     . . .     Faith    .   e - +0 robe
rPois    .         Spirit   .   q - +1 helmet (curse)
rElec    .         Reflect  .   (no cloak)
rCorr    .         Harm     .   (no gloves)
MR       .....     Rnd*Tele +   (no boots)
Stlth    +.........             c - amulet of the gourmand
HPRegen  0.06/turn              i - ring of teleportation
MPRegen  0.09/turn              (no ring)

@: lethally poisoned (0 -> -12)
A: small, carnivore, strong 1, MP-powered wands
a: no special abilities


You were on level 2 of the Dungeon.
You were completely stuffed.

You visited 1 branch of the dungeon, and saw 2 of its levels.

You collected 18 gold pieces.

Inventory:

Hand Weapons
 a - a +0 hunting sling (weapon)
Missiles
 b - 66 stones
 d - a sling bullet (quivered)
 k - 9 poisoned needles
 l - 6 tomahawks
 n - 17 bolts
Armour
 e - a +0 robe (worn)
 q - a cursed +1 helmet (worn)
Jewellery
 c - an amulet of the gourmand (around neck)
 i - a ring of teleportation (left hand)
Scrolls
 g - a scroll of enchant armour
Comestibles
 f - 3 rations
 o - a chunk of flesh


   Skills:
 + Level 1.2 Fighting
 + Level 3.0 Slings
 + Level 2.4 Dodging
 + Level 0.2 Stealth
 + Level 1.2 Spellcasting
 + Level 3.4 Hexes


You had one spell level left.
You knew the following spells:

 Your Spells              Type           Power        Failure   Level  Hunger
a - Corona                Hex            ##.....      6%          1    ##.....
b - Slow                  Hex            ##......     10%         2    ###....

Your spell library contained the following spells:

 Spells                   Type           Power        Failure   Level  Hunger
 Inner Flame              Hex/Fire       #.......     36%         3    ####...
 Portal Projectile        Hex/Tloc       #.....       36%         3    ####...
 Cause Fear               Hex            ##........   52%         4    #####..
 Leda's Liquefaction      Hex/Erth       #.........   77%         4    #####..


Dungeon Overview and Level Annotations

Branches:
Dungeon (2/15)

Altars:


Innate Abilities, Weirdness & Mutations

You are small and have problems with some larger weapons.
You are carnivorous and can eat meat at any time.
Your muscles are strong. (Str +2)
You expend magic power (3 MP) to strengthen your wands.


Message History

Your Slings skill increases to level 3!
* * * LOW HITPOINT WARNING * * *
You feel sick.
It was a potion of mutation.
You feel extremely strange.
You feel stronger.
You feel your magical essence link to your wands.
* * * LOW HITPOINT WARNING * * *
You feel sick.
Okay, then.
* * * LOW HITPOINT WARNING * * *
You feel sick.
You're too full to eat anything.
Wield which item (- for none, * to show all)? (? for menu, Esc to quit)
Okay, then.
Put on which piece of jewellery? (? for menu, Esc to quit)
You feel slightly jumpy.
i - a ring of teleportation (left hand)
* * * LOW HITPOINT WARNING * * *
You feel sick.
You die...

### #.. ##.##
#...######
###........####
###.......$......
#......(.@..(#
...#..<.......#
###........#
#...##.(## ##.##
...# #.. .....
#### ..#.##
.###.. #.


There were no monsters in sight!

Vanquished Creatures
  An adder (D:2)
  2 dart slugs (D:1)
  3 giant cockroaches (D:1)
  5 goblins (D:1)
  2 hobgoblins (D:1)
  A bat (D:1)
  2 frilled lizards (D:1)
  3 kobolds (D:1)
  3 rats (D:1)
22 creatures vanquished.

Notes
Turn   | Place    | Note
-------+----------+-------------------------------------------
     0 | D:1      | myga the Kobold Arcane Marksman began the quest for the
                  | Orb.
     0 | D:1      | Reached XP level 1. HP: 12/12 MP: 2/2
   400 | D:1      | Reached XP level 2. HP: 10/16 MP: 1/3
   529 | D:1      | Learned a level 2 spell: Slow
  1029 | D:1      | Reached XP level 3. HP: 20/20 MP: 0/4
  1376 | D:2      | Gained mutation: Your muscles are strong. (Str +2) [potion
                  | of mutation]
  1376 | D:2      | Gained mutation: You expend magic power (3 MP) to
                  | strengthen your wands. [potion of mutation]
  1379 | D:2      | HP: 1/20 [poisoned by an adder]
  1380 | D:2      | Succumbed to an adder's poison

Skill      XL: |  1  2  3 |
---------------+----------+-----
Slings         | 3 |  3.0
Fighting       | |  1.2
Dodging        | |  2.4
Stealth        | |  0.2
Spellcasting   | |  1.2
Hexes          | |  3.4

Action                   || total
-------------------------++-------
 Fire: Hunting sling     ||    84
 Cast: Corona            ||    14
       Slow              ||     1
  Use: Scroll            ||     5
       Potion            ||     1
  Eat: Chunk             ||    10
Armor: Robe              ||     6
Dodge: Dodged            ||    33
